 Dungeon Crawl Stone Soup version 0.25-a0-310-g60f0ac2d9a (webtiles) character file.

Game seed: 871672225627896337, levelgen mode: classic

693 Borgoz the Chopper (level 7, 0/61 HPs)
             Began as a Gargoyle Berserker on Dec 23, 2019.
             Was an Elder of Trog.
             Killed by divine providence
             ... invoked by an orc priest
              (14 damage)
             ... on level 5 of the Dungeon.
             The game lasted 00:05:20 (3351 turns).

Borgoz the Chopper (Gargoyle Berserker)             Turns: 3351, Time: 00:05:21

Health: 0/61       AC: 14    Str: 25    XL:     7   Next: 64%
Magic:  7/7        EV: 11    Int:  8    God:    Trog [****..]
Gold:   248        SH:  0    Dex: 11    Spells: 6/6 levels left

rFire    . . .     SeeInvis .   a - +0 hand axe
rCold    . . .     Gourm    .   (no shield)
rNeg     + . .     Faith    +   e - +0 scale mail
rPois    ∞         Spirit   .   x - +0 helmet
rElec    +         Reflect  .   (no cloak)
rCorr    .         Harm     .   g - +0 pair of gloves
MR       .....                  (no boots)
Stlth    ..........             l - amulet of faith
HPRegen  0.20/turn              (no ring)
MPRegen  0.10/turn              (no ring)

@: berserking, very quick
A: negative energy resistance 1, electricity resistance, unbreathing,
petrification resistance, rot immunity, AC +4
a: Berserk, Trog's Hand, Brothers in Arms, Renounce Religion


You were on level 5 of the Dungeon.
You worshipped Trog.
Trog was greatly pleased with you.
You were very hungry.

You visited 1 branch of the dungeon, and saw 5 of its levels.

You collected 248 gold pieces.

Inventory:

Hand Weapons
 a - a +0 hand axe (weapon)
Armour
 e - a +0 scale mail (worn)
 g - a +0 pair of gloves (worn)
 r - a +2 ring mail of magic resistance
 x - a +0 helmet (worn)
Jewellery
 l - an amulet of faith (around neck)
Wands
 q - a wand of polymorph (7)
Scrolls
 h - a scroll of enchant weapon {unknown}
 i - 3 scrolls of remove curse
 j - a scroll of teleportation {unknown}
 k - a scroll of amnesia {unknown}
 n - 2 scrolls of immolation {unknown}
 o - a scroll of fog {unknown}
 s - 2 scrolls of magic mapping {unknown}
 v - 2 scrolls of fear {unknown}
Potions
 d - 2 potions of agility
 f - 2 potions of magic
 m - a potion of curing
 p - a potion of mutation
 t - a potion of ambrosia {unknown}
 u - 2 potions of resistance {unknown}
 w - 2 potions of brilliance {unknown}
Comestibles
 b - a chunk of flesh
 c - 10 rations


   Skills:
 - Level 3.2 Fighting
 * Level 5.9 Axes
 + Level 4.8 Armour
 + Level 3.6 Dodging


You had 6 spell levels left.
You didn't know any spells.
Your spell library was empty.

Dungeon Overview and Level Annotations

Branches:
Dungeon (5/15)
 Temple: D:4-7

Altars:
Ashenzari
Dithmenos
Fedhas
Gozag
Hepliaklqana
Nemelex Xobeh
Zin


Innate Abilities, Weirdness & Mutations

You are resistant to torment.
Your stone body is resilient. (AC +4)
You are immune to poison.
You resist negative energy. (rN+)
You are resistant to electric shocks. (rElec)
You can survive without breathing.
You are immune to petrification.
You are immune to rotting.


Message History

The orc wizard is almost dead.
The orc wizard closely misses you.
You closely miss the orc wizard.
The orc wizard is almost dead.
The orc wizard casts a spell at you. The puff of frost hits you!
* * * LOW HITPOINT WARNING * * *
You hit the orc wizard.
You feel the power of Trog in you as your rage grows.
You kill the orc wizard!
Trog accepts your kill.
Trog appreciates your killing of a magic user.
The orc priest begins to cast a cantrip, but forgets the words!
Unknown command.
You slash the orc!
You kill the orc!
Trog accepts your kill.
The orc priest calls down the wrath of Beogh upon you.
Beogh smites you!
You die... ≈_≈. ≈≈≈ ..≈ #.. oo#

#.#
#)#
#@#
#.#
#.#
#.#
#.#
#
#.#
.
#.#
####
#
#.#


☼☼☼○○ . #.# .#### # You could see 2 orc priests.

Vanquished Creatures
  An ogre (D:5)
  2 scorpions
  A howler monkey (D:4)
  A crimson imp (D:5)
  2 hounds
  2 orc wizards (D:5)
  Crazy Yiuf (D:2)
  An iguana (D:4)
  Ijyb (D:3)
  3 worker ants (D:5)
  Robin (D:3)
  3 adders
  4 worms
  4 dart slugs
  3 leopard geckos
  10 orcs
  4 ball pythons
  6 bats
  5 giant cockroaches
  15 goblins
  4 hobgoblins
  8 jackals
  9 kobolds
  A quokka (D:4)
  7 frilled lizards
  A giant cockroach zombie (D:5)
  A jackal skeleton (D:5)
  A leopard gecko skeleton (D:5)
  10 rats
112 creatures vanquished.

Notes
Turn   | Place    | Note
-------+----------+-------------------------------------------
     0 | D:1      | Borgoz the Gargoyle Berserker began the quest for the Orb.
     0 | D:1      | Reached XP level 1. HP: 14/14 MP: 1/1
   115 | D:1      | Reached XP level 2. HP: 18/19 MP: 2/2
   123 | D:1      | Reached skill level 3 in Axes
   741 | D:2      | Reached XP level 3. HP: 23/23 MP: 3/3
   873 | D:2      | Reached ** piety under Trog
   951 | D:2      | Reached XP level 4. HP: 27/28 MP: 4/4
  1007 | D:2      | Found a runed translucent door.
  1008 | D:2      | Noticed Crazy Yiuf
  1261 | D:2      | Found a hazy altar of Hepliaklqana.
  1297 | D:2      | Killed Crazy Yiuf
  1348 | D:3      | Noticed Ijyb
  1389 | D:3      | Reached skill level 4 in Axes
  1391 | D:3      | Killed Ijyb
  1391 | D:3      | Reached XP level 5. HP: 32/32 MP: 5/5
  1566 | D:3      | Reached *** piety under Trog
  1775 | D:3      | Noticed Robin
  1788 | D:3      | Killed Robin
  2506 | D:4      | Reached XP level 6. HP: 37/37 MP: 6/6
  2590 | D:4      | Reached **** piety under Trog
  2690 | D:4      | Found a shadowy altar of Dithmenos.
  2707 | D:4      | Reached skill level 5 in Axes
  2994 | D:4      | Found a shattered altar of Ashenzari.
  2994 | D:4      | Found a glowing silver altar of Zin.
  3072 | D:5      | Entered Level 5 of the Dungeon
  3114 | D:5      | Reached XP level 7. HP: 41/41 MP: 7/7
  3145 | D:5      | Paralysed by fainting for 10 turns
  3155 | D:5      | Paralysed by fainting for 12 turns
  3226 | D:5      | Found an opulent altar of Gozag.
  3227 | D:5      | Found a sparkling altar of Nemelex Xobeh.
  3343 | D:5      | Found a blossoming altar of Fedhas.
  3351 | D:5      | Killed from afar by an orc priest

Levels and vault maps discovered:
D:1:      dpeg_arrival_yet_another_circle, layout_loops_ring
D:2:      layout_rooms, lemuel_coloured_pillars_altar, first_ration,
          minmay_ruptured, uniq_crazy_yiuf_cottage
D:3:      layout_loops_ring, nrook_uturn, uniq_ijyb, uniq_robin
D:4:      kennysheep_six_static_rooms, layout_basic,
          nicolae_dithmenos_the_darkroom, gammafunk_temple_overflow_statue
D:5:      lemuel_ice_spiral_2, layout_basic, grunt_temple_overflow_opulence,
          fedhas_altar_2, kennysheep_mini_moat, nicolae_ossuary_entry_plus,
          serial_curves, eino_curves_04, eino_curves_04, water_maze_lemuel

Skill      XL: |  1  2  3  4  5  6 |
---------------+-------------------+-----
Axes           | 3 4 5 |  5.9
Dodging        | 2 3 |  3.6
Armour         | 3 4 |  4.8
Fighting       | |  3.2

Action                   |  1- 3 |  4- 6 |  7- 9 || total
-------------------------+-------+-------+-------++-------
Melee: Hand axe          |   123 |   233 |    50 ||   406
       Unarmed           |       |     6 |       ||     6
Invok: Berserk           |       |     4 |     2 ||     6
       Trog's Hand       |       |     1 |     1 ||     2
  Use: Scroll            |     4 |     4 |       ||     8
       Potion            |       |     2 |     1 ||     3
  Eat: Chunk             |       |     6 |     1 ||     7
       Ration            |       |     1 |     1 ||     2
Armor: Animal skin       |    20 |       |       ||    20
       Scale mail        |    41 |   142 |    80 ||   263
Dodge: Dodged            |    86 |   146 |    54 ||   286
Block: Buckler           |     1 |       |       ||     1

Table legend:
 A = Non-vault XP
 B = Vault XP
 C = Vault XP percentage of total XP
 D = Non-vault monster count
 E = Vault monster count
 F = Vault count percentage of total count
                 A         B        C        D         E       F
            +---------+---------+-------+---------+---------+-------
      Total |     807 |     184 |  18.6 |      92 |      20 |  17.9
            +---------+---------+-------+---------+---------+-------
        D:1 |      31 |       0 |   0.0 |      15 |       0 |   0.0
        D:2 |      62 |      44 |  41.5 |      26 |       5 |  16.1
        D:3 |     101 |      70 |  40.9 |      27 |      12 |  30.8
        D:4 |     160 |      70 |  30.4 |       6 |       3 |  33.3
        D:5 |     453 |       0 |   0.0 |      18 |       0 |   0.0
            +---------+---------+-------+---------+---------+-------
